Map: 2000 Atmospheres LE

Players

Serral

  • Race: Zerg Zerg
  • League: Master

LiquidClem (Clem) - Winner!

  • Race: Terran Terran
  • League: Master

VOD

Have the link to the VOD?

Description

Time

  • Played on: Oct. 24, 2021, 1:45 p.m.
  • Length: 22:41
Show
View Real Time Build Order
Export as new Build Order

Serral Zerg 

Build Orders: Hatch First, Lurkers 

Get SALT Encoding   

  12  0:00  Drone  
  13  0:12  Overlord  
  13  0:16  Drone  
  14  0:30  Drone x2  
  16  0:48  Hatchery  
  15  0:51  Drone  
  15  0:54  Drone  
  17  0:58  Drone  
  18  1:08  Extractor  
  17  1:13  Spawning Pool  
  17  1:15  Drone  
  17  1:19  Drone  
  18  1:28  Drone  
  19  1:38  Drone  
  20  1:49  Drone  
  21  1:59  Queen x2  
  21  2:00  Zergling x4  
  27  2:10  Overlord  
  27  2:11  Drone  
  28  2:22  Hatchery  
  27  2:25  Drone  
  28  2:33  Drone  
  28  2:36  Drone  
  30  2:38  Metabolic Boost  
  30  2:39  Drone  
  31  2:45  Queen  
  31  2:50  Overlord  
  33  2:53  Drone  
  33  2:55  Drone  
  33  2:57  Drone  
  36  3:03  Overlord  
  36  3:09  Drone x3  
  36  3:10  Drone  
  40  3:15  Queen  
  40  3:18  Drone  
  43  3:20  Zergling x2  
  43  3:25  Queen  
  46  3:29  Drone x2  
  48  3:34  Queen  
  48  3:39  Drone x2  
  51  3:42  Overlord  
  51  3:45  Drone x2  
  51  3:47  Zergling x4  
  55  3:53  Queen  
  57  3:56  Overlord  
  57  4:03  Overlord  
  57  4:04  Queen  
  57  4:05  Drone  
  57  4:07  Drone  
  61  4:10  Drone x2  
  61  4:11  Drone x2  
  61  4:14  Overlord  
  65  4:18  Queen  
  65  4:22  Zergling x4  
  65  4:23  Zergling x2  
  70  4:26  Overlord  
  70  4:27  Drone  
  71  4:33  Drone x4  
  71  4:38  Extractor  
  74  4:40  Zergling x2  
  74  4:42  Drone x2, Evolution Chamber  
  74  4:43  Drone, Evolution Chamber  
  74  4:44  Drone  
  77  4:46  Drone x2  
  77  4:50  Overlord  
  79  4:53  Drone  
  79  4:54  Drone x2  
  79  4:56  Spore Crawler  
  79  4:58  Spore Crawler  
  79  4:59  Spore Crawler  
  79  5:01  Drone  
  79  5:02  Drone  
  79  5:06  Zergling x2  
  82  5:10  Zerg Ground Armor Level 1, Zergling x2, Zerg Melee Weapons Level 1  
  82  5:13  Drone x2  
  85  5:15  Drone  
  85  5:16  Drone x2  
  85  5:18  Extractor  
  87  5:21  Spore Crawler  
  87  5:22  Lair  
  87  5:23  Drone  
  87  5:29  Zergling x4  
  87  5:33  Spore Crawler x2  
  87  5:34  Drone x3  
  90  5:39  Zergling x4  
  90  5:42  Drone x4  
  96  5:44  Drone  
  95  5:50  Drone x3  
  95  5:53  Overlord  
  97  5:59  Baneling Nest, Overlord  
  97  6:00  Drone  
  97  6:07  Drone, Hatchery  
  97  6:11  Overlord  
  97  6:12  Drone x2  
  98  6:18  Drone  
  98  6:19  Drone x4  
  102  6:27  Overseer  
  102  6:28  Zergling x14  
  108  6:34  Overseer, Overlord  
  105  6:46  Zergling x14  
  112  6:49  Zergling x2  
  112  6:53  Centrifugal Hooks  
  113  6:59  Overlord  
  113  7:00  Zergling x10  
  118  7:03  Zergling x6  
  118  7:07  Zerg Melee Weapons Level 2, Zerg Ground Armor Level 2  
  121  7:14  Zergling x2  
  121  7:15  Zergling x10  
  125  7:21  Zergling x6  
  107  7:25  Queen  
  107  7:28  Burrow  
  107  7:29  Zergling x10  
  112  7:35  Drone x4  
  116  7:38  Baneling x8  
  116  7:41  Zergling x8  
  116  7:42  Baneling x2  
  120  7:50  Zergling x2  
  120  7:51  Zergling x4  
  123  7:54  Hatchery, Zergling x8  
  126  8:00  Baneling x2, Hatchery  
  126  8:02  Zergling x14  
  126  8:05  Queen  
  132  8:15  Zergling x10  
  132  8:18  Baneling  
  132  8:19  Baneling x5  
  128  8:29  Zergling x2  
  128  8:30  Zergling x24  
  132  8:36  Infestation Pit, Extractor  
  132  8:37  Hydralisk Den  
  128  8:42  Drone x7  
  128  8:44  Extractor x2  
  128  8:46  Overseer  
  133  8:49  Zergling x8  
  131  8:57  Zergling x6  
  134  9:03  Zergling x16  
  134  9:08  Zergling x4  
  144  9:11  Overlord x2  
  144  9:12  Overlord x2  
  144  9:13  Baneling x8, Hatchery  
  144  9:14  Baneling  
  143  9:23  Zergling x12  
  144  9:25  Muscular Augments  
  144  9:26  Overseer  
  144  9:29  Drone x5  
  144  9:30  Overseer  
  149  9:35  Hydralisk  
  149  9:36  Hydralisk x4  
  158  9:40  Zergling x16  
  158  9:43  Pneumatized Carapace  
  166  9:48  Drone x2  
  166  9:49  Zergling x4  
  166  9:50  Zergling x4  
  170  9:53  Zergling x2  
  170  9:58  Zergling x6  
  171  10:00  Baneling  
  171  10:01  Baneling x3  
  171  10:02  Zergling x2  
  171  10:03  Zergling x4  
  171  10:06  Zergling x4  
  173  10:08  Baneling x5  
  167  10:17  Zergling x22  
  167  10:20  Zergling x2  
  167  10:21  Zergling x6  
  164  10:27  Hydralisk  
  164  10:28  Hydralisk x2  
  160  10:34  Hydralisk  
  160  10:35  Hydralisk x5  
  172  10:39  Queen, Overlord x3  
  171  10:42  Zerg Missile Weapons Level 1  
  171  10:47  Zergling x2  
  171  10:48  Zergling x6  
  172  10:53  Zergling x14  
  169  11:04  Drone x3  
  169  11:05  Drone x4  
  169  11:08  Hive  
  169  11:10  Grooved Spines  
  176  11:11  Drone x2  
  176  11:12  Drone  
  176  11:13  Lurker Den  
  176  11:16  Hydralisk x3  
  183  11:19  Baneling x6  
  183  11:22  Baneling x6  
  183  11:27  Baneling x2  
  182  11:33  Zergling x22  
  182  11:39  Spore Crawler  
  188  11:48  Overlord  
  188  11:49  Extractor  
  188  11:50  Drone x3  
  188  11:51  Drone  
  188  11:52  Drone x2, Extractor  
  188  11:53  Drone x3, Overlord  
  195  11:56  Baneling x4  
  193  12:03  Baneling x2  
  193  12:04  Zergling x6  
  193  12:05  Hatchery  
  194  12:09  Baneling x6  
  194  12:10  Baneling x2  
  190  12:17  Zergling x10  
  190  12:18  Zergling x12  
  195  12:26  Zergling x18  
  196  12:31  Seismic Spines  
  196  12:35  Spore Crawler  
  195  12:37  Viper  
  195  12:38  Baneling  
  195  12:43  Zerg Missile Weapons Level 2  
  195  12:44  Zerg Ground Armor Level 3  
  194  12:54  Zergling x28  
  189  13:00  Zergling x22  
  189  13:15  Baneling x4  
  189  13:16  Overlord  
  187  13:20  Overseer  
  187  13:21  Nydus Network  
  187  13:25  Lurker x7  
  188  13:27  Zergling x24  
  188  13:30  Baneling x4  
  188  13:33  Adaptive Talons  
  193  13:41  Zergling x2  
  193  13:42  Zergling x12  
  193  13:44  Overseer  
  199  13:51  Baneling x2  
  199  13:52  Zergling x20  
  200  13:55  Baneling x2  
  200  13:56  Baneling x7  
  199  14:03  Baneling  
  199  14:04  Baneling x6  
  196  14:13  Overseer, Nydus Canal  
  184  14:17  Hydralisk x8  
  184  14:22  Baneling x2  
  198  14:28  Overseer  
  197  14:36  Hydralisk x5  
  197  14:37  Hatchery  
  198  14:45  Nydus Canal  
  195  14:48  Zergling x10  
  179  15:01  Zergling x42  
  194  15:20  Baneling x15  
  194  15:21  Baneling x6, Overseer  
  191  15:24  Spore Crawler  
  191  15:25  Drone  
  191  15:26  Drone x3  
  188  15:30  Baneling x17  
  188  15:32  Hatchery, Zergling x20  
  196  15:40  Baneling x2  
  196  15:41  Hatchery  
  196  15:42  Baneling x2  
  194  15:43  Nydus Canal  
  194  15:45  Lurker  
  194  15:46  Lurker x4  
  199  16:00  Overseer x2  
  199  16:10  Zerg Melee Weapons Level 3, Zerg Missile Weapons Level 3  
  172  16:19  Zergling x34  
  172  16:20  Zergling x22  
  197  16:42  Drone x8, Unknown  
  197  16:43  Lurker x7  
  197  16:44  Lurker  
  188  16:55  Zergling x28  
  182  17:09  Lurker x3  
  182  17:13  Zergling x30  
  182  17:14  Zergling x2  
  197  17:23  Overseer  
  194  17:30  Drone x4, Spore Crawler  
  195  17:40  Zergling x2  
  195  17:41  Zergling x8  
  191  17:44  Drone x2  
  191  17:47  Zergling x24  
  196  18:04  Baneling  
  196  18:05  Baneling x5  
  187  18:12  Zergling x44  
  168  18:13  Zergling x6  
  168  18:15  Baneling x3  
  168  18:18  Zergling x16  
  146  18:29  Zergling x2  
  146  18:30  Zergling x16  
  141  18:35  Baneling x4  
  141  18:36  Zergling x10  
  143  18:42  Baneling x7, Zergling x4  
  143  18:47  Hydralisk x4  
  152  18:54  Hydralisk x2  
  152  18:59  Hydralisk x4  
  154  19:16  Hatchery  
  152  19:28  Overlord  
  152  19:29  Lurker x2  
  152  19:30  Lurker x4  
  155  19:32  Baneling x9  
  145  20:02  Hatchery, Lurker x2  
  147  20:07  Lurker  
  147  20:11  Lurker  
  148  20:15  Zergling x2  
  148  20:34  Hydralisk  
  148  20:35  Hydralisk  
  147  20:39  Hydralisk x3  
  145  20:52  Overseer  
  137  21:02  Zergling x10  
  137  21:03  Zergling x8  
  142  21:05  Drone x7  
  136  21:20  Hatchery  
  131  21:26  Lurker x5  
  126  21:37  Hydralisk x4  
  117  21:55  Hydralisk x5  
  122  22:08  Extractor  
  122  22:09  Extractor  
  122  22:12  Overseer x2  
  122  22:13  Lurker x4  
  122  22:15  Hydralisk x4  
  122  22:36  Lurker x4  
Show
View Real Time Build Order
Export as new Build Order

LiquidClem Terran - Winner!

Build Orders: Reaper Expand, Hellion Banshee 

Get SALT Encoding   

  12  0:00  SCV  
  13  0:12  SCV  
  14  0:16  Supply Depot  
  14  0:24  SCV  
  15  0:38  SCV  
  15  0:40  Barracks  
  15  0:42  Refinery  
  16  0:50  SCV  
  17  1:02  SCV  
  18  1:14  SCV  
  19  1:27  Orbital Command, Reaper  
  20  1:38  Command Center  
  20  1:46  Supply Depot  
  20  1:53  SCV  
  21  1:58  Marine  
  22  2:05  SCV  
  23  2:09  Factory  
  23  2:17  SCV  
  23  2:19  Barracks Reactor  
  24  2:29  SCV  
  25  2:39  Command Center  
  25  2:41  SCV  
  26  2:49  Orbital Command  
  25  2:53  SCV  
  25  2:57  Starport  
  26  3:03  Refinery  
  26  3:05  SCV  
  27  3:09  Hellion  
  29  3:14  Hellion  
  29  3:16  SCV  
  29  3:17  SCV  
  33  3:21  Barracks Tech Lab  
  33  3:28  SCV  
  33  3:30  SCV  
  33  3:31  Hellion  
  37  3:35  Hellion  
  37  3:40  SCV  
  40  3:42  SCV, Banshee  
  44  3:51  Orbital Command  
  44  3:52  SCV  
  44  3:54  Hellion  
  47  3:56  Hellion  
  47  3:57  Cloaking Field  
  47  3:59  SCV  
  50  4:04  SCV  
  51  4:11  SCV  
  51  4:12  Supply Depot, Barracks Tech Lab  
  51  4:16  SCV  
  53  4:18  SCV, Hellion x2  
  59  4:25  Banshee  
  59  4:31  Barracks  
  61  4:33  SCV x2  
  61  4:34  SCV  
  61  4:36  Supply Depot  
  64  4:38  Barracks  
  64  4:39  Stimpack  
  64  4:42  Marine, Refinery  
  65  4:45  SCV  
  65  4:46  SCV  
  65  4:47  SCV  
  65  4:52  Factory Reactor  
  68  4:54  Refinery  
  68  4:58  SCV, Supply Depot  
  68  4:59  SCV  
  70  5:00  Marine, Supply Depot  
  70  5:02  Orbital Command  
  71  5:08  Engineering Bay x2  
  71  5:11  SCV  
  72  5:17  Barracks  
  72  5:18  Marine  
  72  5:19  Barracks  
  72  5:21  SCV  
  74  5:23  SCV  
  74  5:25  Marine x2  
  77  5:30  Starport Reactor  
  77  5:34  SCV  
  78  5:37  Marine x2, Supply Depot, Terran Infantry Weapons Level 1, Terran Infantry Armor Level 1  
  78  5:38  SCV  
  81  5:46  Marine  
  82  5:50  Marine  
  82  5:51  Marine, Siege Tank  
  82  5:54  SCV, Marine, Supply Depot  
  82  5:55  SCV x2  
  82  5:56  Marine  
  92  6:03  Supply Depot  
  92  6:04  Marine  
  92  6:06  SCV  
  92  6:07  Medivac x2  
  98  6:12  Barracks Reactor  
  98  6:13  SCV, Supply Depot  
  98  6:14  Marine, Barracks Reactor  
  98  6:15  SCV  
  98  6:16  Marine  
  98  6:18  Marine, Combat Shield  
  103  6:20  SCV  
  103  6:22  Supply Depot  
  103  6:25  Siege Tank  
  107  6:28  SCV, Supply Depot  
  107  6:30  SCV  
  109  6:33  Marine x2  
  109  6:34  Marine x2, SCV  
  109  6:35  Marine  
  115  6:40  Refinery, Factory  
  115  6:45  SCV  
  116  6:50  Marine, Armory  
  116  6:51  Marine  
  116  6:52  Marine x3  
  116  6:53  Marine  
  122  6:54  Marine x2  
  122  6:55  SCV  
  122  6:57  SCV  
  122  6:58  SCV, Marine  
  128  7:02  Siege Tank  
  128  7:05  Supply Depot  
  128  7:06  Supply Depot  
  131  7:08  Marine  
  131  7:09  Marine  
  131  7:10  Marine  
  133  7:17  SCV x2, Command Center  
  133  7:18  Marine  
  133  7:19  SCV  
  133  7:20  Marine  
  133  7:21  Marine  
  133  7:22  Marine  
  129  7:26  Marine x2  
  129  7:27  Marine, Factory Reactor  
  129  7:29  SCV, Medivac x2  
  136  7:30  Marine  
  136  7:34  Marine  
  136  7:35  Supply Depot  
  136  7:36  Marine  
  139  7:38  Marine, Siege Tank  
  139  7:40  Terran Infantry Weapons Level 2  
  143  7:45  Marine x2  
  143  7:46  Supply Depot  
  143  7:48  Marine  
  143  7:49  Marine x2  
  148  7:55  Terran Infantry Armor Level 2  
  148  7:56  Marine, Supply Depot x2  
  149  7:59  Marine x2  
  149  8:03  Marine  
  149  8:04  Marine  
  153  8:08  Widow Mine x2, Drilling Claws  
  153  8:10  Widow Mine  
  153  8:12  Marine, Medivac  
  158  8:14  Marine  
  158  8:15  Marine x2  
  158  8:17  Marine  
  158  8:18  Marine  
  158  8:19  Marine  
  156  8:21  Marine  
  150  8:29  Marine, Widow Mine  
  150  8:30  Marine  
  150  8:31  Widow Mine, Medivac  
  150  8:32  Marine  
  150  8:33  Marine x2  
  148  8:39  Barracks  
  148  8:40  Barracks  
  148  8:43  Marine  
  148  8:44  Marine, Barracks  
  148  8:46  SCV  
  151  8:51  SCV  
  151  8:53  Marine  
  152  8:56  Widow Mine  
  152  8:57  Medivac  
  152  9:01  Marine x3  
  143  9:03  Marine x2  
  143  9:04  Planetary Fortress  
  143  9:07  Marine x2, Widow Mine  
  143  9:09  SCV x3  
  152  9:10  Marine  
  152  9:11  Marine  
  152  9:13  Terran Vehicle And Ship Armor Level 1  
  152  9:14  Widow Mine  
  156  9:18  Marine  
  156  9:21  Marine, SCV  
  156  9:22  Marine x2  
  156  9:23  Widow Mine  
  156  9:24  Medivac  
  149  9:27  Barracks Tech Lab x2  
  149  9:28  Marauder  
  149  9:29  Marine, Medivac  
  154  9:31  Marine  
  154  9:32  SCV  
  154  9:34  SCV  
  154  9:36  Marine x2  
  159  9:39  Widow Mine x2  
  159  9:40  Barracks Tech Lab  
  159  9:41  SCV  
  159  9:45  Widow Mine  
  166  9:47  Command Center  
  166  9:50  Marauder  
  166  9:52  Marine x3  
  165  9:53  Marauder x2  
  165  9:56  Medivac  
  170  10:00  Widow Mine x2  
  170  10:04  Marauder  
  170  10:05  Marine x2  
  170  10:06  Widow Mine  
  180  10:11  Marauder  
  176  10:20  Medivac  
  176  10:21  Marine x2, Marauder x2, Siege Tank  
  158  10:22  Marine  
  158  10:26  Marine x3  
  158  10:27  Marine x3  
  151  10:31  Terran Infantry Weapons Level 3  
  151  10:32  Marauder  
  151  10:33  SCV x2  
  151  10:34  SCV x2, Refinery  
  151  10:35  Refinery  
  154  10:38  Concussive Shells, Marine x2  
  154  10:39  Widow Mine  
  154  10:40  Marine  
  154  10:42  Marine x2, Widow Mine  
  163  10:43  Marine  
  163  10:45  SCV  
  163  10:46  Marine  
  160  10:53  Marine  
  160  10:54  Marine x3, Widow Mine, Medivac  
  160  10:55  Marine  
  160  10:56  Marine x2  
  161  10:58  SCV  
  161  11:01  Widow Mine  
  161  11:03  Widow Mine  
  166  11:10  Ghost Academy  
  164  11:13  Command Center  
  164  11:14  Marine x5  
  164  11:15  Widow Mine  
  167  11:19  Liberator  
  167  11:22  Widow Mine  
  172  11:28  Marauder x2  
  172  11:29  Widow Mine  
  172  11:32  Marine, Marauder x2  
  171  11:33  Marine  
  171  11:34  Marine  
  171  11:36  Widow Mine  
  171  11:39  Marine x3  
  174  11:43  Missile Turret, Widow Mine  
  174  11:44  Planetary Fortress  
  178  11:49  Marauder  
  178  11:50  Marine x2, Marauder, Widow Mine  
  178  11:51  Marine  
  178  11:52  Sensor Tower  
  187  11:56  Terran Infantry Armor Level 3  
  187  11:59  Missile Turret, Ghost  
  187  12:01  Ghost  
  187  12:08  SCV, Marine  
  190  12:10  Widow Mine  
  190  12:12  Widow Mine  
  190  12:15  Missile Turret, Marine x2, Marauder  
  197  12:18  Widow Mine  
  195  12:23  Medivac  
  193  12:30  Marine x2  
  193  12:31  Marauder  
  193  12:32  Widow Mine  
  199  12:43  Refinery x2, Command Center, Orbital Command  
  199  12:45  Command Center  
  199  12:49  Medivac  
  199  12:50  Command Center  
  200  12:55  Marine  
  200  12:57  Marine  
  200  12:58  Marine x2  
  187  12:59  Medivac  
  187  13:01  Widow Mine x2  
  187  13:03  Marine x2  
  181  13:06  Marine x2, Marauder  
  181  13:08  Marine  
  181  13:10  Ghost x2  
  181  13:12  Widow Mine  
  192  13:19  Medivac  
  194  13:22  Widow Mine  
  194  13:23  Missile Turret, Widow Mine  
  190  13:27  Marine  
  190  13:28  Marine x5, Marauder x2  
  190  13:29  Terran Vehicle And Ship Armor Level 2  
  190  13:30  Neosteel Armor  
  190  13:31  Enhanced Shockwaves  
  200  13:52  Widow Mine  
  200  13:58  Orbital Command  
  200  13:59  Command Center  
  194  14:06  Missile Turret, Marauder, Widow Mine  
  194  14:08  Ghost  
  194  14:19  Ghost x2  
  194  14:27  Ghost  
  192  14:37  Ghost  
  188  14:41  Planetary Fortress, Command Center  
  186  14:47  Ghost x2  
  186  14:48  Widow Mine  
  187  14:56  Ghost  
  187  14:57  Marine x2  
  183  15:04  Marine, Widow Mine  
  183  15:05  Ghost  
  183  15:06  Marine x2  
  183  15:10  Widow Mine  
  185  15:14  SCV, Missile Turret  
  185  15:16  Ghost x2  
  185  15:19  SCV  
  179  15:22  SCV, Widow Mine  
  179  15:24  Ghost  
  179  15:25  Widow Mine  
  179  15:27  Orbital Command  
  180  15:29  Marine x2  
  180  15:30  SCV  
  180  15:32  Marine x2  
  180  15:34  SCV, Ghost  
  188  15:39  Widow Mine  
  188  15:42  Missile Turret  
  190  15:43  SCV x2  
  190  15:44  Ghost x2  
  196  15:53  Marauder  
  196  15:55  Sensor Tower  
  198  15:57  Orbital Command  
  198  15:59  Widow Mine  
  198  16:02  Missile Turret  
  199  16:15  Unknown  
  199  16:16  Ghost  
  199  16:17  Ghost, Widow Mine  
  200  16:20  Sensor Tower  
  200  16:25  Missile Turret  
  200  16:37  Planetary Fortress  
  200  17:04  Marauder, Widow Mine  
  200  17:07  Widow Mine  
  198  17:10  Marauder  
  198  17:13  Widow Mine  
  200  17:16  Command Center  
  200  17:20  Terran Vehicle And Ship Armor Level 3  
  200  17:41  Ghost  
  198  17:45  Ghost  
  191  18:07  Widow Mine  
  191  18:12  Marine x2  
  184  18:14  Marine  
  184  18:17  Marine  
  184  18:18  Widow Mine  
  188  18:20  Marine  
  188  18:21  Marine, Widow Mine  
  174  18:28  Marine x2, Widow Mine  
  174  18:30  Marine, Marauder x2  
  174  18:32  Marine x3  
  166  18:39  Widow Mine  
  168  18:44  Command Center  
  168  18:46  SCV  
  168  18:47  Orbital Command  
  169  18:54  Marine x2  
  169  18:55  SCV, Marine, Widow Mine  
  166  18:56  Marine x2, SCV  
  166  18:57  Marine  
  166  19:02  SCV  
  168  19:04  Orbital Command, Widow Mine  
  172  19:10  SCV, Widow Mine  
  172  19:11  Marine x3, Marauder x2  
  180  19:19  Ghost  
  180  19:21  Widow Mine  
  180  19:23  Missile Turret  
  172  19:25  Marine  
  172  19:26  Widow Mine  
  172  19:29  Ghost  
  179  19:31  Widow Mine  
  179  19:32  Marine x3, Marauder  
  179  19:33  Marine, Marauder  
  179  19:35  Marine x2  
  179  19:37  Marine  
  190  19:40  Missile Turret  
  190  19:43  Widow Mine  
  190  19:45  Marine, Missile Turret  
  193  19:47  Widow Mine  
  193  19:48  Marine  
  193  19:50  Personal Cloaking  
  198  19:52  Widow Mine  
  196  20:04  Widow Mine  
  198  20:08  Widow Mine  
  200  20:17  Command Center  
  200  20:19  Refinery, Sensor Tower  
  199  20:47  Widow Mine  
  199  20:49  Widow Mine, Medivac  
  186  20:54  Marine, Marauder  
  186  20:55  SCV  
  186  20:56  SCV  
  180  20:58  Ghost  
  180  20:59  Ghost  
  180  21:00  Ghost  
  180  21:01  Marine x5  
  180  21:02  Widow Mine  
  180  21:03  Marine  
  178  21:04  SCV  
  178  21:07  SCV  
  178  21:10  SCV  
  174  21:14  SCV, Ghost  
  173  21:20  Marine, Widow Mine  
  173  21:21  SCV  
  173  21:26  Medivac  
  173  21:27  Ghost, Widow Mine  
  173  21:28  Marine, Ghost x2  
  173  21:32  Widow Mine  
  181  21:36  Marine  
  181  21:42  Widow Mine  
  181  21:43  Ghost  
  181  21:56  Ghost x2  
  181  21:57  Ghost  
  181  21:58  SCV x3  
  190  22:01  SCV  
  190  22:07  Widow Mine  
  193  22:11  Ghost  
  195  22:18  Widow Mine  
Tags
 
Add a new tag
Caveats
  • Supply blocks, unpowered buildings, or Contaminate may cause inaccurate times.
  • Supply counts are checked every 10 seconds.